 Dungeon Crawl Stone Soup version 0.29-a0-653-gd47aff6735 (webtiles) character file.

Game seed: 3715014572439311421

1045 lmSkywalker the Magician (level 8, -4/75 (81) HPs)
             Began as a Demonspawn Fire Elementalist on June 21, 2022.
             Slain by a wight
             ... wielding a +0 great sword
              (10 damage)
             ... on level 8 of the Dungeon.
             The game lasted 00:30:39 (7077 turns).

lmSkywalker the Magician (DsFE)                     Turns: 7077, Time: 00:30:40

HP:   -4/75 (81)    AC: 24    Str:  9    XL:     8   Next: 4%
MP:   5/16          EV:  2    Int: 18    God:
Gold: 323           SH:  0    Dex: 14    Spells: 12/18 levels left

rFire   . . .      SeeInvis +   p - +4 mace of Defence {vorpal, Fragile rPois SInv}
rCold   . . .      Faith    .   (no shield)
rNeg    + . .      Spirit   .   (body armour currently unavailable)
rPois   +          Reflect  .   (helmet currently unavailable)
rElec   .          Harm     .   (cloak currently unavailable)
rCorr   .          Rampage  .   (gloves currently unavailable)
Will    +....      NoTele   +   (boots currently unavailable)
Stlth   ++........              (no amulet)
HPRegen 0.22/turn               c - ring of willpower
MPRegen 0.15/turn               v - ring of positive energy

@: tree-form, drained
A: stationary, stasis, torment immunity, boosted hp, (horns 1), powered by death
1, (sanguine armour 3)
a: no special abilities


You were on level 8 of the Dungeon.
You were a tree.
You visited 1 branch of the dungeon, and saw 7 of its levels.

You collected 323 gold pieces.

Inventory:

Hand Weapons
 l - a +1 dagger
 p - the +4 mace of Defence (weapon) {vorpal, Fragile rPois SInv}
   (You found it on level 3 of the Dungeon)

   It inflicts extra damage upon your enemies.
   rPois:     It protects you from poison.
   SInv:      It lets you see invisible.
   Fragile:   It will be destroyed if unequipped.
 z - the +5 spear of the Ten Mice {vorpal, rN+ SInv Stlth-}
   (You found it on level 5 of the Dungeon)

   It inflicts extra damage upon your enemies.
   rN:        It protects you from negative energy.
   SInv:      It lets you see invisible.
   Stlth:     It makes you less stealthy.
Armour
 a - a +0 robe
 s - a +1 robe of cold resistance (melded)
Magical Staves
 w - a staff of conjuration
Jewellery
 c - a ring of willpower (left branch)
 v - a ring of positive energy (right branch)
Wands
 m - a wand of polymorph (5)
 D - a wand of flame (12)
Scrolls
 d - 2 scrolls of enchant weapon
 e - 2 scrolls of noise
 h - 2 scrolls of blinking
 o - a scroll of enchant armour {unknown}
 t - a scroll of silence {unknown}
 A - a scroll of immolation {unknown}
 C - a scroll of brand weapon {unknown}
 E - a scroll of fog {unknown}
Potions
 b - a potion of magic
 f - a potion of ambrosia {unknown}
 g - 5 potions of heal wounds
 i - a potion of lignification
 j - 5 potions of attraction
 q - 4 potions of flight
 r - 2 potions of might {unknown}
 u - a potion of mutation {unknown}
 x - 2 potions of curing {unknown}
 B - a potion of resistance {unknown}


   Skills:
 + Level 1.6 Fighting
 + Level 2.5 Dodging
 - Level 2.0 Stealth
 + Level 5.9 Spellcasting
 - Level 4.5 Conjurations
 - Level 4.9 Fire Magic


You had 12 spell levels left.
You knew the following spells:

 Your Spells              Type           Power      Damage    Failure   Level
a - Foxfire               Conj/Fire      88%        2x1d8     1%          1
b - Scorch                Fire           46%        2d7       2%          2
c - Conjure Flame         Conj/Fire      22%        6-21      5%          3

Your spell library contained the following spells:

 Spells                   Type           Power      Damage    Failure   Level
 Inner Flame              Hex/Fire       14%        N/A       13%         3
 Flame Wave               Conj/Fire      22%        2d7       17%         4


Dungeon Overview and Level Annotations

Branches:
Dungeon (6/15)
 Temple: D:4-7

Altars:
Dithmenos
Elyvilon
Nemelex Xobeh
Uskayaw
The Shining One

Shops:
D:2 (

Annotations:
D:4 exclusion: adder, Natasha
D:5 2 transporters, 1 runed translucent door, Crazy Yiuf; DamienQuinn's ghost, amateur TrBe


Innate Abilities, Weirdness & Mutations

You are a tree.
Your roots penetrate the ground, keeping you stationary.
You cannot be teleported.
You are immune to unholy pain and torment.
Your maximum health is greatly increased.
Your equipment is partially melded.
((You have a pair of small horns on your head.))
You regenerate a little health from kills.
((When seriously injured, your blood forms very thick armour. (AC +0)))


Message History

Okay, then.
Really quaff the potion of lignification?
You turn into a tree.
Your +1 robe of cold resistance melds into your body.
You feel less resistant to cold.
Your roots penetrate the ground.
Your blood armour dries and flakes away.
The wight hits you with a +0 great sword.
You partially resist.
You feel drained.
You closely miss the wight.
The wight is lightly damaged.
The wight hits you but does no damage.
The wight hits you with a +0 great sword.
* * * LOW HITPOINT WARNING * * *
You partially resist.
You feel drained.
* * * LOW HITPOINT WARNING * * *
You barely miss the wight.
The wight is lightly damaged.
The orc priest looks satisfied for a moment.
The wight hits you but does no damage.
You hit the wight but do no damage.
The wight is lightly damaged.
The sky beast flickers out of sight for a moment.
The wight hits you with a +0 great sword.
* * * LOW HITPOINT WARNING * * *
You partially resist.
You feel drained. The wight hits you but does no damage.
You hit the wight.
The wight is moderately damaged.
The wight hits you but does no damage.
You hit the wight.
The wight is heavily damaged.
The orc priest invokes the aid of Beogh against you.
Beogh smites you!
* * * LOW HITPOINT WARNING * * *
The wight hits you with a +0 great sword.
* * * LOW HITPOINT WARNING * * *
You partially resist.
You feel drained.
You hit the wight.
The wight is severely damaged.
The wight hits you with a +0 great sword!
You die...

######....#....#.....#
#...##....##...##...#
#...##....##...##...###..
#....#....+.....)........
#....#....#)§.>..........
#....z...zz..≈...........
#....#######§..##...###..
#..z.#.#.#.#$Y.###### .
#....#^^^^^#)♣.#
#..#########.z.#
#!.#$+^....).o.#
#..#########...#
#....#^^^^^#...#
#....#.#.#.#...#
#....#######...#
#....z........[#
#...##....##...#


You could see a sky beast, a wight and an orc priest.

Vanquished Creatures
  Menkaure (D:5)
  An ice beast (D:5)
  A phantom (D:5)
  Blork the orc (D:4)
  A necrophage (D:6)
  A scorpion (D:6)
  3 wights (D:8)
  A crimson imp (D:3)
  2 orc priests
  2 iguanas
  3 orc wizards
  Robin (D:3)
  4 adders
  A shadow imp (D:5)
  2 white imps (D:4)
  An ufetubus (D:4)
  2 worms
  16 orcs
  5 ball pythons
  9 endoplasms
  5 giant cockroaches
  15 goblins
  6 hobgoblins
  7 jackals
  A quokka (D:1)
  7 bats
  5 frilled lizards
  4 goblin skeletons (D:3)
  4 kobolds
  3 kobold skeletons (D:3)
  A kobold zombie (D:3)
  An orc zombie (D:3)
  8 rats
125 creatures vanquished.

Vanquished Creatures (others)
  286 foxfires
286 creatures vanquished.

Grand Total: 411 creatures vanquished

Notes
Turn   | Place    | Note
-------+----------+-------------------------------------------
     0 | D:1      | lmSkywalker the Demonspawn Fire Elementalist began the
                  | quest for the Orb.
     0 | D:1      | Reached XP level 1. HP: 13/13 MP: 3/3
   294 | D:1      | Gained mutation: You have a pair of small horns on your
                  | head. [demonic ancestry]
   294 | D:1      | Reached XP level 2. HP: 19/19 MP: 1/5
   490 | D:1      | Learned a level 2 spell: Scorch
  1034 | D:2      | Found a shadowy altar of Dithmenos.
  1108 | D:2      | Found a faded altar of an unknown god.
  1159 | D:2      | Reached XP level 3. HP: 24/24 MP: 1/6
  1295 | D:2      | Found Xeuzeoph's Weapon Shoppe.
  1825 | D:2      | Learned a level 3 spell: Conjure Flame
  2739 | D:3      | Reached XP level 4. HP: 30/30 MP: 5/7
  2803 | D:3      | Identified the +4 mace of Defence {vorpal, Fragile rPois
                  | SInv}
  3232 | D:3      | Noticed Robin
  3746 | D:3      | Killed Robin
  3747 | D:3      | Reached skill level 3 in Spellcasting
  3900 | D:3      | Gained mutation: When seriously injured, your blood forms
                  | armour. (AC +0) [demonic ancestry]
  3900 | D:3      | Reached XP level 5. HP: 31/35 MP: 9/9
  4063 | D:4      | Noticed Blork the orc
  4071 | D:4      | Killed Blork the orc
  4359 | D:4      | Gained mutation: You regenerate a little health from kills.
                  | [demonic ancestry]
  4359 | D:4      | Reached XP level 6. HP: 24/41 MP: 4/11
  4561 | D:4      | Noticed Natasha
  4866 | D:4      | Reached skill level 4 in Spellcasting
  4973 | D:5      | Entered Level 5 of the Dungeon
  5146 | D:5      | Found a hide-covered altar of Uskayaw.
  5258 | D:5      | Noticed Menkaure
  5264 | D:5      | Killed Menkaure
  5265 | D:5      | Gained mutation: When seriously injured, your blood forms
                  | thick armour. (AC +0) [demonic ancestry]
  5265 | D:5      | Reached XP level 7. HP: 27/46 MP: 4/14
  5374 | D:5      | Found a sparkling altar of Nemelex Xobeh.
  5517 | D:5      | Found a transporter.
  5517 | D:5      | Noticed DamienQuinn's ghost (amateur TrBe)
  5671 | D:5      | Found a runed translucent door.
  5672 | D:5      | Noticed Crazy Yiuf
  5714 | D:5      | Found a transporter.
  5722 | D:5      | Identified the +0 dire flail of the Wasp {spect, rPois rC+
                  | rCorr MP-9}
  5783 | D:5      | Identified the +5 spear of the Ten Mice {vorpal, rN+ SInv
                  | Stlth-}
  6041 | D:5      | Reached skill level 5 in Spellcasting
  6762 | D:6      | You fall into a shaft and drop 2 floors!
  6975 | D:8      | Reached skill level 1 in Fighting
  7049 | D:8      | Noticed a steam dragon
  7057 | D:8      | Gained mutation: When seriously injured, your blood forms
                  | very thick armour. (AC +0) [demonic ancestry]
  7057 | D:8      | Reached XP level 8. HP: 54/54 MP: 3/16
  7077 | D:8      | Slain by a wight

Illustrated notes

Levels and vault maps discovered:
D:1:      dpeg_arrival_pits, layout_basic
D:2:      layout_basic, serial_shops, nicolae_shop_bloodbath_and_beyond,
          shapermc_ecumenical_altar_petra, basic_altar, minmay_tripent
D:3:      layout_loops_ring, lemuel_round_altar, nicolae_tso_besieged_by_evil,
          minmay_misc_feat_rows, uniq_robin
D:4:      layout_rooms, serial_demonic, serial_demonic_f, serial_demonic_g,
          serial_demonic_c, serial_demonic_c, uniq_natasha, uniq_blork_the_orc
D:5:      layout_rooms, nemelex_altar_shiori, overflow_temple_1_default,
          gammafunk_ghost_smash, nicolae_figureground_pulse,
          uniq_crazy_yiuf_cottage, uniq_menkaure
D:6:      minmay_polygon_palace, layout_cave_pools, serial_glass,
          glass_columns_a, glass_columns_b, glass_columns_b, glass_columns_a,
          glass_columns_c, glass_columns_c, serial_shops, kennysheep_little_box,
          nicolae_shop_temple_entry_statues_fountains, uniq_maggie
D:8:      layout_gridville, xom_shifter_show, mainiacjoe_overflow_cross_hatched,
          gammafunk_ghost_split, grunt_tough_drop

Skill      XL: |  1  2  3  4  5  6  7 |
---------------+----------------------+-----
Fire Magic     | 3 4 |  4.9
Conjurations   | 2 3 4 |  4.5
Spellcasting   | 3 4 5 |  5.9
Dodging        | 2 |  2.5
Stealth        | 2 |  2.0
Fighting       | 1 |  1.6

Action                   |  1- 3 |  4- 6 |  7- 9 || total
-------------------------+-------+-------+-------++-------
Melee: Unarmed           |     5 |       |       ||     5
       Headbutt          |     5 |     8 |     1 ||    14
       Dagger            |    21 |     5 |       ||    26
       Mace              |       |    45 |    18 ||    63
       Punch             |       |     3 |     1 ||     4
 Cast: Foxfire           |    66 |    64 |    40 ||   170
       Scorch            |    14 |    21 |    23 ||    58
       Conjure Flame     |       |       |     2 ||     2
  Use: Scroll            |       |     4 |     5 ||     9
       Potion            |       |       |     1 ||     1
 Stab: Sleeping          |     1 |     1 |       ||     2
Armor: Robe              |    10 |     5 |     1 ||    16
       Skin              |       |       |     4 ||     4
Dodge: Dodged            |    21 |    40 |    14 ||    75

Table legend: (Time is in decaauts)
 A = Elapsed time spent in this place.
 B = Non-inter-level travel time spent in this place.
 C = Inter-level travel time spent in this place.
 D = Time resting spent in this place.
 E = Time spent auto-exploring this place.
 F = Levels seen in this place.
 G = Mean time per level.
                   A        B        C        D        E       F      G
               +--------+--------+--------+--------+--------+-----+--------+
         Total |   7109 |   6471 |    638 |   1474 |   2711 |   7 | 1015.6 |
       Dungeon |   7109 |   6471 |    638 |   1474 |   2711 |   7 | 1015.6 |
               +--------+--------+--------+--------+--------+-----+--------+

Top non-repeatable levels by time:
     D:2: 1734 daAuts
     D:3: 1438 daAuts
     D:5: 1374 daAuts
     D:1: 1033 daAuts
     D:4: 793 daAuts
     D:6: 416 daAuts
     D:8: 319 daAuts
